 Dungeon Crawl Stone Soup version 0.26.1-2-gb8aa6d0cf2 (webtiles) character file.

Game seed: 17407939243166602463

4663 Hudbad the Severer (level 10, -4/88 HPs)
             Began as a Minotaur Berserker on Mar 4, 2021.
             Was a High Priest of Trog.
             Slain by a yak (7 damage)
             ... on level 9 of the Dungeon.
             The game lasted 00:26:00 (9019 turns).

Hudbad the Severer (Minotaur Berserker)             Turns: 9019, Time: 00:26:00

Health: -4/88      AC: 19    Str: 22    XL:     10   Next: 20%
Magic:  18/18      EV:  8    Int:  4    God:    Trog [*****.]
Gold:   545        SH:  0    Dex: 13    Spells: 9/9 levels left

rFire    . . .     SeeInvis .   a - +1 hand axe
rCold    . . .     Faith    .   (no shield)
rNeg     . . .     Spirit   .   f - +0 chain mail
rPois    .         Reflect  .   y - +2 hat
rElec    .         Harm     .   p - +0 cloak
rCorr    .         Rampage  .   l - +0 pair of gloves
Will     ++...     Clarity  +   u - +0 pair of boots
Stlth    ..........             j - amulet of regeneration
HPRegen  1.64/turn              n - ring of magical power
MPRegen  0.16/turn              (no ring)

@: lethally poisoned (-4 -> -7), berserk cooldown, regenerating, slowed, very
slow
A: retaliatory headbutt, horns 2, rugged brown scales 1, thin metallic scales 1,
yellow scales 1, clarity, wild magic 2
a: Renounce Religion, Berserk, Trog's Hand, Brothers in Arms


You were on level 9 of the Dungeon.
You worshipped Trog.
Trog was extremely pleased with you.
You visited 2 branches of the dungeon, and saw 10 of its levels.
You also visited: Ossuary.

You collected 545 gold pieces.

Inventory:

Hand Weapons
 a - a +1 hand axe (weapon)
 c - the +6 mace of Chagrin {freeze, +Blink rPois}
   (You found it on level 7 of the Dungeon)

   It has been specially enchanted to freeze those struck by it, causing extra
   injury to most foes and up to half again as much damage against particularly
   susceptible opponents.
   It can also slow down cold-blooded creatures.
   It protects you from poison.
   It lets you blink.
 t - the +8 great mace of Wefimom {pain, rElec}
   (You found it on level 5 of the Dungeon)

   In the hands of one skilled in necromantic magic, it inflicts extra damage on
   living creatures.
   It insulates you from electricity.
   Trog disapproves of the use of such an item.
Armour
 f - a +0 chain mail (worn)
 l - a +0 pair of gloves (worn)
 p - a +0 cloak (worn)
 u - a +0 pair of boots (worn)
 x - a +0 kite shield
 y - a +2 hat (worn)
Jewellery
 j - an amulet of regeneration (around neck)
 n - a ring of magical power (left hand)
Scrolls
 b - a scroll of teleportation
 d - a scroll of fear
 g - 7 scrolls of remove curse
 h - 2 scrolls of magic mapping
 r - 6 scrolls of enchant weapon
 s - a scroll of vulnerability {unknown}
Potions
 e - a potion of invisibility
 i - a potion of attraction
 k - 3 potions of might
 m - 3 potions of flight {unknown}
 o - 4 potions of lignification {unknown}
 q - a potion of resistance {unknown}
 v - 2 potions of heal wounds {unknown}
 w - 2 potions of haste {unknown}


   Skills:
 + Level 7.3 Fighting
 - Level 16.0 Axes
 - Level 2.4 Armour
 - Level 2.1 Dodging


You had 9 spell levels left.
You didn't know any spells.
Your spell library was empty.

Dungeon Overview and Level Annotations

Branches:
Dungeon (9/15)             Temple (1/1) D:5         Ossuary (visited)
   Lair: D:8-11         Orc: D:9-12

Altars:
Ashenzari
Cheibriados
Dithmenos
Elyvilon
Fedhas
Gozag
Hepliaklqana
Kikubaaqudgha
Makhleb
Nemelex Xobeh
Okawaru
Qazlal
Ru
Sif Muna
Trog
Uskayaw
Vehumet
Wu Jian
Xom
Yredelemnul
Zin
The Shining One

Shops:
D:5 [   D:7 (


Innate Abilities, Weirdness & Mutations

You reflexively headbutt those who attack you in melee.
You have a pair of horns on your head.
You are partially covered in rugged brown scales. (AC +1, +3% HP)
You are partially covered in thin metallic scales. (AC +2)
You are partially covered in yellow scales. (AC +2)
You possess an exceptional clarity of mind.
Your spells are harder to cast, but more powerful.


Message History

The killer bee completely misses you. You furiously retaliate!
You headbutt the killer bee.
You kill the killer bee!
Trog accepts your kill. The killer bee stings you.
* * * LOW HITPOINT WARNING * * *
The killer bee stings you but does no damage. x2
The killer bee barely misses you.
The centaur zaps a wand.
You resist with almost no effort.
The killer bee stings you but does no damage. x2
The yak gores you.
* * * LOW HITPOINT WARNING * * *
The killer bee stings you but does no damage.
The killer bee closely misses you. You furiously retaliate!
You headbutt the killer bee.
The orc hits you from afar with a +0 trident.
* * * LOW HITPOINT WARNING * * *
The killer bee stings you but does no damage. x2
The yak gores you!
You die...

...............#
...............#
...:.).........#
...............#
...............#
...............#
....?..ooc.....#
$......†yYyo...#
.......oy@Y....#
.......JYy.....#
........)......####
.......)..†.)......
..........†(.......
...........[.......
$....?.....[......$
...................
...................


You could see 3 yaks, a centaur, a jelly, 4 killer bees, an orc wizard (fast)
and 3 orcs.

Vanquished Creatures
  Harold (D:7)
  A troll (D:9)
  Prince Ribbit (D:7)
  A yak (D:9)
  A wyvern (D:8)
  Menkaure (Ossuary)
  Duvessa (D:7)
  An orc warrior (D:9)
  2 ice beasts
  A necrophage (D:8)
  A phantom (D:7)
  A black bear (D:8)
  2 ogres
  3 centaurs
  2 bullfrogs
  Dowan (D:7)
  2 scorpions
  11 killer bees (D:9)
  5 wights (D:7)
  A howler monkey (D:7)
  2 quasits
  An orc priest (D:9)
  5 hounds
  Crazy Yiuf (D:7)
  2 centaur skeletons
  4 jellies
  4 orc wizards
  2 bullfrog skeletons
  2 iguanas
  5 worker ants
  A hound zombie (D:5)
  3 mummies (Ossuary)
  10 adders
  4 gnolls (D:3)
  2 shadow imps
  2 white imps (D:5)
  An ufetubus (D:6)
  2 adder skeletons
  An adder zombie (D:6)
  4 worms
  2 dart slugs
  14 orcs
  3 ball pythons
  6 giant cockroaches
  4 goblins
  4 hobgoblins
  5 quokkas
  8 bats
  9 frilled lizards
  3 gnoll skeletons (Ossuary)
  4 gnoll zombies (Ossuary)
  3 goblin skeletons (Ossuary)
  6 goblin zombies (Ossuary)
  4 hobgoblin skeletons (Ossuary)
  5 hobgoblin zombies (Ossuary)
  A jackal skeleton (D:4)
  6 kobolds
  4 kobold skeletons (Ossuary)
  2 kobold zombies (Ossuary)
  4 orc skeletons (Ossuary)
  2 orc zombies (Ossuary)
  A quokka skeleton (D:5)
  A quokka zombie (D:5)
  11 rats
  7 rat skeletons (Ossuary)
  5 rat zombies (Ossuary)
222 creatures vanquished.

Vanquished Creatures (others)
  A goblin zombie (Ossuary)
  7 toadstools (D:1)
8 creatures vanquished.

Grand Total: 230 creatures vanquished

Notes
Turn   | Place    | Note
-------+----------+-------------------------------------------
     0 | D:1      | Hudbad the Minotaur Berserker began the quest for the Orb.
     0 | D:1      | Reached XP level 1. HP: 19/19 MP: 0/0
   240 | D:1      | Reached skill level 4 in Axes
   258 | D:1      | Reached XP level 2. HP: 14/26 MP: 1/1
  1159 | D:2      | Reached skill level 5 in Axes
  1370 | D:2      | Reached XP level 3. HP: 31/31 MP: 2/2
  1384 | D:2      | Reached ** piety under Trog
  2042 | D:3      | Reached skill level 6 in Axes
  2042 | D:3      | Reached XP level 4. HP: 33/39 MP: 3/3
  2379 | D:3      | Found a hide-covered altar of Uskayaw.
  2539 | D:3      | Reached *** piety under Trog
  2540 | D:3      | Reached XP level 5. HP: 45/45 MP: 4/4
  2974 | D:4      | Noticed an ogre
  2981 | D:4      | Killed an ogre
  2982 | D:4      | Reached skill level 7 in Axes
  3297 | D:4      | Reached skill level 8 in Axes
  3298 | D:4      | Reached XP level 6. HP: 51/51 MP: 5/5
  3847 | D:5      | Entered Level 5 of the Dungeon
  4123 | D:5      | Reached skill level 9 in Axes
  4185 | D:5      | Found a staircase to the Ecumenical Temple.
  4197 | Temple   | Entered the Ecumenical Temple
  4716 | D:5      | Reached XP level 7. HP: 55/57 MP: 6/6
  4758 | D:5      | Got a twisted great mace
  4766 | D:5      | Identified the +8 great mace of Wefimom {pain, rElec} (You
                  | found it on level 5 of the Dungeon)
  4902 | D:5      | Found Miefaiv's Antique Armour Boutique.
  5173 | D:6      | Found a sand-covered staircase.
  5180 | Ossuary  | Entered an ossuary
  5337 | Ossuary  | Reached **** piety under Trog
  5437 | Ossuary  | Reached skill level 10 in Axes
  5441 | Ossuary  | Noticed Menkaure
  5468 | Ossuary  | Killed Menkaure
  5535 | D:6      | Gained mutation: Your spells are a little harder to cast,
                  | but a little more powerful. [potion of mutation]
  5535 | D:6      | Gained mutation: You do not regenerate when monsters are
                  | visible. [potion of mutation]
  5535 | D:6      | Gained mutation: You have large cloven feet. [potion of
                  | mutation]
  5537 | D:6      | Lost mutation: You have large cloven feet. [potion of
                  | mutation]
  5537 | D:6      | Lost mutation: You do not regenerate when monsters are
                  | visible. [potion of mutation]
  5537 | D:6      | Gained mutation: Armour fits poorly on your strangely
                  | shaped body. [potion of mutation]
  5537 | D:6      | Gained mutation: You are frail. (-10% HP) [potion of
                  | mutation]
  5537 | D:6      | Gained mutation: You are weak. (Str -2) [potion of
                  | mutation]
  5537 | D:6      | Gained mutation: Your spells are harder to cast, but more
                  | powerful. [potion of mutation]
  5538 | D:6      | Lost mutation: You are frail. (-10% HP) [potion of
                  | mutation]
  5538 | D:6      | Lost mutation: Armour fits poorly on your strangely shaped
                  | body. [potion of mutation]
  5538 | D:6      | Gained mutation: You are partially covered in thin metallic
                  | scales. (AC +2) [potion of mutation]
  5538 | D:6      | Gained mutation: You are partially covered in rugged brown
                  | scales. (AC +1, +3% HP) [potion of mutation]
  5538 | D:6      | Gained mutation: Your body sometimes deteriorates upon
                  | taking damage. [potion of mutation]
  5538 | D:6      | Gained mutation: You possess an exceptional clarity of
                  | mind. [potion of mutation]
  5608 | D:6      | Found a blossoming altar of Fedhas.
  5908 | D:6      | Lost mutation: Your body sometimes deteriorates upon taking
                  | damage. [potion of mutation]
  5908 | D:6      | Lost mutation: You possess an exceptional clarity of mind.
                  | [potion of mutation]
  5908 | D:6      | Lost mutation: You are weak. (Str -2) [potion of mutation]
  5908 | D:6      | Gained mutation: You possess an exceptional clarity of
                  | mind. [potion of mutation]
  5908 | D:6      | Gained mutation: You are partially covered in yellow
                  | scales. (AC +2) [potion of mutation]
  5956 | D:6      | Reached skill level 11 in Axes
  6101 | D:6      | Found a glowing golden altar of the Shining One.
  6179 | D:7      | Found a sparkling altar of Nemelex Xobeh.
  6234 | D:7      | Noticed Duvessa
  6234 | D:7      | Noticed Dowan
  6261 | D:7      | Killed Duvessa
  6264 | D:7      | Killed Dowan
  6265 | D:7      | Reached XP level 8. HP: 26/65 MP: 7/7
  6519 | D:7      | Reached skill level 12 in Axes
  6580 | D:7      | Noticed Prince Ribbit
  7111 | D:7      | Reached skill level 13 in Axes
  7305 | D:7      | Found Moarug's Antique Weapon Shoppe.
  7373 | D:7      | Found a runed translucent door.
  7374 | D:7      | Got a slimy mace
  7375 | D:7      | Noticed Crazy Yiuf
  7382 | D:7      | Killed Crazy Yiuf
  7458 | D:7      | Noticed Harold
  7490 | D:7      | Killed Harold
  7491 | D:7      | Reached skill level 14 in Axes
  7491 | D:7      | Reached XP level 9. HP: 51/72 MP: 8/8
  7526 | D:7      | Killed Prince Ribbit
  7621 | D:8      | Identified the +6 mace of Chagrin {freeze, +Blink rPois}
                  | (You found it on level 7 of the Dungeon)
  7912 | D:8      | Reached skill level 15 in Axes
  8898 | D:9      | Reached skill level 16 in Axes
  8904 | D:9      | Reached ***** piety under Trog
  8906 | D:9      | Reached skill level 5 in Fighting
  8912 | D:9      | Reached XP level 10. HP: 83/83 MP: 9/9
  9019 | D:9      | HP: 4/88 [yak (3)]
  9019 | D:9      | Slain by a yak

Illustrated notes

Levels and vault maps discovered:
D:1:      nagdon_arrival_double_spiral, layout_loops_cross,
          wander_ebering_terrifying_dragon_lair
D:2:      layout_loops_ring
D:3:      layout_basic, lemuel_round_altar, minmay_surrounded
D:4:      layout_basic, minmay_mini_jars
D:5:      layout_basic, minmay_temple_entry_arrows, serial_shops,
          nicolae_shop_behind_doors
D:6:      layout_loops_cross, basic_altar, enter_ossuary_1,
          nicolae_tso_carved_into_rock
D:7:      layout_basic, serial_shops, shop, kennysheep_cross_bottleneck,
          nemelex_xobeh_ov_fountains_minmay, uniq_prince_ribbit1,
          uniq_crazy_yiuf_cottage, uniq_harold, uniq_duvessa
D:8:      layout_basic, serial_co_window_serial, co_window_corner_a,
          co_window_paths_b, co_window_corner_a, co_window_of_opportunity_a,
          co_window_of_opportunity_a, co_window_of_opportunity_a,
          co_window_2corner, co_window_unsneaky_path_e, co_window_broadway_a,
          co_window_cross_3, glass_columns_a, glass_columns_a, glass_columns_a,
          glass_columns_b, glass_columns_a
D:9:      layout_long_grid, serial_shops, shop_statue, kennysheep_mini_moat,
          shop, shop, shop
Temple:   roderic_octagonal_lattice_temple

Skill      XL: |  1  2  3  4  5  6  7  8  9 10 |
---------------+-------------------------------+-----
Axes           | 4 5 6 8 9 11 14 16 | 16.0
Fighting       | 5 7 |  7.3
Armour         | |  2.4
Dodging        | |  2.1

Action                   |  1- 3 |  4- 6 |  7- 9 | 10-12 || total
-------------------------+-------+-------+-------+-------++-------
Melee: Hand axe          |    83 |   122 |   380 |    29 ||   614
       Headbutt          |    13 |    25 |    82 |     7 ||   127
Invok: Trog's Hand       |       |       |     4 |     3 ||     7
       Berserk           |       |       |     3 |     1 ||     4
  Use: Scroll            |       |     6 |    14 |       ||    20
       Potion            |       |       |     4 |       ||     4
Armor: Chain mail        |    27 |    70 |   229 |    69 ||   395
       Animal skin       |     1 |       |       |       ||     1
Dodge: Dodged            |    43 |    50 |   152 |    47 ||   292
